Map: Flashback LE

Players

Alebay

  • Race: Protoss Protoss
  • Spawn Location: 7:00

MattBarry

  • Race: Zerg Zerg
  • Spawn Location: 7:00

MattBarry

  • Race: Terran Terran
  • Spawn Location: 7:00

Haoda

  • Race: Terran Terran
  • Spawn Location: 11:00

Jamrod

  • Race: Zerg Zerg
  • Spawn Location: 11:00

NardeM

  • Race: Protoss Protoss
  • Spawn Location: 9:00

VOD

Have the link to the VOD?

Description

Time

  • Played on: Jan. 5, 2023, 11:07 p.m.
  • Length: 13:07
Show
View Real Time Build Order
Export as new Build Order

Alebay Protoss 

Build Orders:  

Get SALT Encoding   

  12  0:02  Probe  
  13  0:14  Probe  
  14  0:26  Probe  
  15  0:29  Pylon  
  15  0:47  Probe  
  15  0:49  Gateway  
  16  0:54  Assimilator  
  16  0:59  Probe  
  17  1:11  Probe  
  18  1:20  Forge  
  18  1:23  Probe  
  19  1:32  Pylon  
  19  1:35  Probe  
  19  1:37  Assimilator  
  20  1:45  Cybernetics Core  
  20  1:49  Probe  
  21  2:02  Probe  
  22  2:16  Nexus  
  22  2:20  Probe  
  23  2:26  Pylon  
  23  2:31  Adept  
  23  2:34  Warp Gate  
  25  2:50  Gateway  
  25  3:04  Protoss Ground Weapons Level 1  
  25  3:09  Probe  
  26  3:17  Adept  
  28  3:30  Pylon  
  28  3:34  Probe x2  
  28  3:35  Pylon  
  30  3:44  Adept  
  30  3:46  Probe x2  
  34  3:52  Adept  
  36  4:01  Twilight Council  
  36  4:05  Photon Cannon  
  26  4:24  Stalker  
  28  4:35  Probe x2  
  30  4:58  Probe x2  
  32  5:10  Probe  
  32  5:12  Probe  
  34  5:17  Photon Cannon  
  34  5:22  Probe  
  34  5:24  Probe  
  36  5:29  Stalker  
  36  5:34  Blink  
  38  5:38  Probe  
  39  5:44  Probe  
  40  5:50  Probe  
  40  5:56  Probe  
  42  5:57  Protoss Ground Armor Level 1  
  42  6:01  Stalker  
  42  6:03  Probe  
  45  6:08  Probe  
  46  6:21  Stalker  
  48  6:31  Probe x2  
  50  6:35  Stalker  
  52  6:43  Probe x2  
  54  6:55  Probe x2  
  54  6:56  Photon Cannon  
  56  7:20  Probe x2  
  58  7:23  Assimilator  
  58  7:27  Assimilator  
  58  7:28  Stalker x2  
  62  7:32  Probe x2  
  64  7:41  Gateway  
  64  7:43  Gateway  
  64  7:45  Stargate  
  64  8:02  Probe  
  65  8:10  Resonating Glaives  
  65  8:14  Probe  
  66  8:22  Nexus  
  66  8:24  Protoss Ground Weapons Level 2  
  66  8:29  Probe  
  67  8:36  Stalker  
  70  8:41  Probe  
  70  8:42  Pylon  
  70  8:44  Pylon  
  70  8:46  Pylon  
  70  9:20  Stalker  
  70  9:21  Stalker x3  
  78  9:29  Fleet Beacon  
  78  9:33  Probe x2  
  78  9:36  Probe  
  81  9:45  Probe x2  
  82  9:48  Probe  
  82  9:50  Pylon  
  84  9:54  Pylon  
  84  9:56  Pylon  
  84  9:57  Stalker x4, Probe  
  84  9:59  Pylon  
  93  10:00  Probe  
  94  10:12  Probe  
  95  10:24  Stalker x4  
  63  10:57  Stalker x4  
  71  11:04  Probe x2  
  71  11:05  Probe  
  71  11:09  Carrier  
  80  11:16  Probe  
  80  11:17  Stargate  
  81  11:21  Photon Cannon  
  81  11:25  Photon Cannon  
  81  11:26  Assimilator  
  81  11:30  Stalker x4, Assimilator  
  89  11:58  Photon Cannon  
  95  12:23  Stalker x3  
  87  13:02  Stalker x2  
  87  13:03  Stalker  
Show
View Real Time Build Order
Export as new Build Order

MattBarry Zerg 

Build Orders: Hatch First 

Get SALT Encoding   

  12  0:00  Drone  
  13  0:13  Overlord  
  13  0:18  Drone  
  14  0:31  Drone  
  15  0:36  Drone  
  16  0:50  Hatchery  
  15  1:06  Spawning Pool  
  14  1:15  Drone  
  14  1:17  Drone x2  
  17  1:19  Extractor  
  16  1:30  Drone  
  17  1:45  Overlord  
  17  2:02  Drone x2  
  19  2:12  Drone  
  19  2:13  Queen  
  22  2:15  Queen  
  24  2:23  Extractor  
  23  2:31  Drone x2  
  23  2:32  Drone x3  
  28  3:03  Overlord x2  
  28  3:05  Lair  
  28  3:06  Metabolic Boost  
  28  3:19  Pneumatized Carapace  
  28  3:22  Overlord x2  
  28  3:23  Drone  
  28  3:24  Drone x4  
  33  3:30  Spore Crawler  
  32  3:47  Drone x2  
  32  3:48  Drone x2  
  36  3:57  Roach Warren  
  36  4:01  Queen  
  37  4:14  Spore Crawler  
  37  4:16  Spore Crawler  
  35  4:18  Drone x3  
  35  4:19  Drone x3  
  35  4:20  Spore Crawler  
  40  4:29  Zergling x6  
  33  4:44  Zergling x8  
  35  5:20  Drone  
  35  5:21  Drone x2  
  38  5:27  Glial Reconstitution  
  40  5:28  Roach x3  
  40  5:29  Roach x6  
  56  5:37  Drone  
  57  5:52  Spore Crawler  
  57  5:53  Spore Crawler  
  55  5:57  Spore Crawler  
  55  5:59  Spore Crawler  
  55  6:02  Spore Crawler, Drone x2  
  55  6:03  Drone x6  
  60  6:06  Overlord  
  60  6:21  Overlord x2  
  60  6:25  Overlord  
  60  6:39  Queen  
  62  6:48  Spore Crawler  
  62  6:49  Drone x3  
  62  6:50  Drone, Overlord  
  62  6:51  Drone x4  
  69  6:59  Hatchery  
  68  7:08  Drone x2  
  69  7:09  Drone x2  
  69  7:12  Roach  
  74  7:40  Hatchery  
  66  7:46  Zergling x2  
  65  7:52  Zergling x20  
  75  8:17  Drone x2, Overlord  
  77  8:27  Roach x2, Overlord  
  77  8:28  Overlord  
  81  8:51  Queen  
  84  9:02  Drone  
  84  9:03  Drone x4  
  84  9:05  Queen  
  84  9:08  Spore Crawler  
  84  9:09  Spore Crawler, Roach x6  
  100  9:23  Ravager x4  
  104  9:26  Overseer  
  104  9:34  Drone  
  104  9:35  Drone x2  
  107  9:40  Queen  
  109  9:46  Extractor  
  109  9:47  Extractor  
  107  10:35  Roach x2  
  111  10:37  Overlord x3  
  90  10:57  Roach x12  
  86  11:15  Infestation Pit  
  85  11:27  Evolution Chamber  
  85  11:29  Evolution Chamber  
  85  11:30  Spire  
  82  11:34  Ravager  
  83  11:43  Roach x2  
  87  12:09  Drone x2  
  87  12:10  Drone x2, Overlord x2  
Show
View Real Time Build Order
Export as new Build Order

MattBarry Terran 

Build Orders:  

Get SALT Encoding   

  12  0:00  SCV  
  13  0:12  SCV  
  14  0:18  Supply Depot  
  14  0:24  SCV  
  15  0:39  SCV  
  15  0:42  Barracks  
  16  0:48  Refinery  
  16  0:51  SCV  
  17  1:03  SCV  
  18  1:15  SCV  
  20  1:34  Orbital Command  
  20  1:39  Reaper  
  20  1:43  Command Center  
  20  2:00  SCV  
  21  2:04  Supply Depot  
  21  2:11  Reaper  
  21  2:12  SCV  
  23  2:23  Refinery  
  23  2:25  SCV  
  24  2:38  SCV  
  24  2:39  Factory  
  24  2:44  Supply Depot  
  25  2:50  SCV  
  26  2:52  Barracks Reactor  
  26  2:56  Orbital Command  
  26  3:02  SCV  
  27  3:08  Engineering Bay  
  27  3:14  SCV  
  28  3:30  SCV  
  27  3:42  Orbital Command  
  27  3:53  Missile Turret x2  
  27  3:59  Starport  
  29  4:03  Widow Mine, Barracks Tech Lab  
  29  4:04  Factory, SCV, Hellion  
  29  4:08  SCV  
  33  4:14  Missile Turret  
  33  4:17  SCV  
  34  4:20  SCV  
  35  4:34  Marauder  
  27  5:03  SCV x2  
  27  5:05  Barracks  
  29  5:08  Missile Turret  
  29  5:11  Starport Reactor  
  33  5:14  Widow Mine x2, Factory Tech Lab  
  33  5:15  SCV x2  
  35  5:27  SCV x2  
  37  5:33  Siege Tank  
  42  5:35  Widow Mine  
  42  5:39  SCV x2  
  44  5:44  Refinery  
  44  5:56  SCV  
  44  5:57  SCV, Refinery  
  46  6:00  Widow Mine x2  
  50  6:09  SCV x2  
  52  6:11  Supply Depot  
  52  6:12  Supply Depot  
  52  6:21  SCV x2  
  54  6:26  Supply Depot  
  54  6:33  Viking x2, SCV x2  
  60  6:42  Siege Tank  
  60  6:43  Hellion  
  60  6:44  Hellion  
  67  6:49  Armory  
  67  7:04  SCV x2  
  67  7:06  Viking x2  
  73  7:16  SCV  
  73  7:21  SCV  
  75  7:28  SCV  
  76  7:33  SCV  
  76  7:34  Command Center  
  77  7:40  SCV  
  85  7:44  Widow Mine x2, Siege Tank  
  85  7:45  SCV  
  85  7:47  Supply Depot  
  85  7:49  Supply Depot  
  86  7:52  Liberator x2, SCV  
  93  8:08  Drilling Claws  
  93  8:10  SCV x2  
  95  8:20  Supply Depot x2  
  95  8:22  SCV x2, Siege Tank  
  95  8:23  Hellion x2  
  104  8:31  Factory  
  110  8:57  Viking x2  
  110  9:02  Hellion x2, Siege Tank  
  115  9:23  Terran Vehicle Weapons Level 1  
  115  9:24  Armory  
  115  9:30  Supply Depot  
  115  9:31  Supply Depot, Liberator x2  
  115  9:33  Factory Tech Lab  
  115  9:37  Factory  
  121  9:49  Siege Tank  
  121  9:51  Widow Mine x2  
  128  9:55  Orbital Command  
  128  10:04  SCV x2  
  130  10:15  Viking  
  130  10:16  Viking, SCV x2  
  136  10:33  Thor, Factory Tech Lab  
  142  10:36  Hellion x2  
  142  10:37  Widow Mine  
  117  11:05  Siege Tank x2  
  114  11:25  Siege Tank  
  95  11:26  Hellion x2  
  95  11:37  Siege Tank x2  
  101  11:58  Siege Tank  
  108  12:01  Hellion x2  
  108  12:09  Siege Tank x2  
  108  12:10  Refinery  
  108  12:11  SCV x3, Refinery  
  108  12:14  Supply Depot x2  
  117  12:23  SCV  
  117  12:25  Viking x2  
Show
View Real Time Build Order
Export as new Build Order

Haoda Terran 

Build Orders: 1/1/1 

Get SALT Encoding   

  12  0:00  SCV  
  13  0:12  SCV  
  14  0:19  Supply Depot  
  14  0:25  Refinery  
  14  0:30  SCV  
  15  0:44  Barracks  
  15  0:46  SCV  
  16  1:00  SCV  
  17  1:11  Supply Depot  
  17  1:12  SCV  
  18  1:24  SCV  
  19  1:41  Factory  
  19  1:45  SCV  
  20  1:51  Marine  
  21  2:01  Orbital Command  
  21  2:05  Refinery  
  21  2:26  Hellion  
  21  2:28  Starport  
  21  2:29  SCV  
  24  2:49  Hellion  
  26  2:55  Supply Depot  
  26  3:00  Command Center  
  26  3:02  SCV  
  27  3:06  Medivac  
  27  3:10  Hellion  
  31  3:31  Hellion  
  33  3:45  SCV  
  34  4:01  Factory Tech Lab  
  35  4:02  SCV  
  35  4:03  Medivac  
  37  4:16  Barracks Tech Lab  
  37  4:19  Supply Depot  
  37  4:20  Supply Depot  
  33  4:56  SCV  
  30  5:15  Barracks  
  30  5:17  Orbital Command  
  30  5:21  Stimpack  
  30  5:25  Siege Tank  
  30  5:26  Barracks  
  33  5:32  Marine  
  34  5:39  Viking, Engineering Bay  
  36  5:54  SCV  
  36  5:55  SCV  
  38  6:01  Refinery  
  38  6:04  Marine x2  
  38  6:05  Engineering Bay  
  38  6:07  SCV x2  
  42  6:12  Siege Tank  
  42  6:15  Medivac  
  47  6:19  SCV x2  
  47  6:22  Marine  
  47  6:24  Command Center  
  50  6:31  SCV x2  
  52  6:38  Marine x2  
  54  6:40  Marine  
  54  6:43  SCV x2  
  54  6:44  Siege Tank  
  60  6:49  Medivac  
  60  6:50  Terran Infantry Weapons Level 1  
  60  6:53  Hi-Sec Auto Tracking  
  62  6:55  SCV x2  
  62  6:56  Marine x2  
  62  6:58  Marine  
  62  7:01  Combat Shield  
  67  7:03  Refinery  
  67  7:07  SCV x2  
  69  7:14  Marine  
  70  7:35  SCV x2  
  72  7:38  Marine x2  
  72  7:39  Marine  
  74  7:55  Marine  
  74  7:56  Marine x2  
  77  8:02  Supply Depot x2  
  77  8:04  Siege Tank  
  80  8:12  SCV x2  
  82  8:13  Marine x2  
  82  8:14  Marine  
  82  8:18  Terran Infantry Armor Level 1  
  85  8:21  Starport Reactor  
  85  8:28  Orbital Command  
  85  8:30  SCV x2  
  85  8:31  Marine  
  85  8:32  Marine  
  85  8:33  Refinery  
  90  8:37  Siege Tank  
  90  8:41  Barracks  
  93  8:42  Barracks, SCV  
  93  8:49  Marine  
  93  8:50  Marine, Barracks Reactor  
  95  8:57  SCV x3  
  98  9:05  Supply Depot  
  98  9:08  Supply Depot, Marine  
  98  9:09  SCV  
  101  9:16  Sensor Tower  
  101  9:20  Missile Turret  
  101  9:24  SCV, Barracks Reactor  
  101  9:26  Marine  
  101  9:27  SCV x2  
  101  9:28  Concussive Shells  
  101  9:29  Barracks Reactor x2  
  104  9:32  Missile Turret  
  104  9:33  Siege Tank  
  104  9:36  SCV  
  108  9:39  Armory, SCV  
  108  9:43  Supply Depot  
  108  9:45  Supply Depot  
  109  9:47  Supply Depot  
  109  9:48  Marine  
  109  9:49  Marine x2  
  112  9:58  Viking  
  112  9:59  Medivac  
  116  10:06  Marine x2  
  118  10:07  Marine  
  119  10:20  Marine x2  
  119  10:21  Marine x4  
  119  10:24  Marine x2  
  119  10:25  Marine  
  126  10:29  Barracks  
  126  10:30  Barracks  
  126  10:38  Marine x2  
  126  10:39  Marine x4  
  126  10:42  Marine x3  
  132  11:02  Marine x7  
  129  11:23  Marine  
  129  11:24  Marine x3  
  133  11:42  Medivac x2  
  137  11:52  Marine  
  137  11:53  Marine x3  
  141  12:02  Refinery  
  141  12:05  Command Center  
  141  12:07  Supply Depot  
  141  12:08  Supply Depot  
  141  12:15  Marine, Medivac x2  
  123  12:45  Marine x2  
  123  12:52  Barracks Tech Lab x2  
Show
View Real Time Build Order
Export as new Build Order

Jamrod Zerg 

Build Orders: Pool First, Lurkers 

Get SALT Encoding   

  12  0:00  Drone  
  13  0:15  Overlord  
  13  0:21  Drone  
  13  0:26  Extractor  
  13  0:27  Drone  
  15  0:34  Drone  
  16  0:45  Drone  
  17  0:52  Drone, Extractor  
  17  0:58  Drone  
  18  1:10  Drone  
  19  1:11  Extractor  
  18  1:25  Overlord  
  18  1:52  Drone x3  
  18  1:53  Spawning Pool  
  20  2:22  Hatchery  
  19  2:39  Lair  
  19  2:41  Overlord  
  19  2:42  Drone  
  19  2:43  Drone  
  21  3:04  Drone x2  
  23  3:42  Nydus Network  
  23  3:44  Drone x3  
  25  3:48  Hydralisk Den  
  25  3:50  Evolution Chamber  
  23  4:01  Drone x3  
  26  4:06  Queen  
  26  4:08  Queen  
  30  4:15  Nydus Network  
  29  4:19  Grooved Spines  
  29  4:21  Hydralisk x3  
  35  4:29  Nydus Canal  
  35  4:30  Drone x2  
  37  4:57  Hydralisk x3  
  43  5:15  Hatchery  
  43  5:16  Drone x2  
  44  5:22  Overlord x4  
  44  5:36  Extractor  
  44  5:39  Extractor  
  44  5:41  Zerg Missile Weapons Level 1  
  42  5:47  Lurker Den  
  41  5:52  Drone  
  41  5:53  Drone x3  
  45  5:58  Evolution Chamber  
  44  6:04  Hydralisk x2  
  44  6:09  Drone  
  49  6:31  Drone  
  50  6:41  Muscular Augments  
  50  6:52  Drone x2  
  50  6:53  Drone x2  
  50  6:54  Drone x4  
  58  7:11  Infestation Pit  
  57  7:19  Lurker x3  
  60  7:59  Zerg Missile Weapons Level 2  
  60  8:05  Zerg Ground Armor Level 1  
  60  8:08  Drone x3  
  60  8:12  Drone x3  
  66  8:23  Hydralisk x7  
  66  8:25  Metabolic Boost  
  80  8:33  Queen  
  82  8:36  Overlord x3  
  82  8:39  Hive  
  82  8:43  Extractor  
  82  8:45  Extractor, Drone x2  
  82  9:03  Lurker x3  
  85  9:33  Drone x3  
  88  10:07  Drone  
  88  10:08  Drone x4  
  88  10:09  Hydralisk x3  
  88  10:10  Hydralisk x2  
  96  11:15  Hydralisk  
  98  11:19  Overlord x2  
  98  11:21  Overlord x3  
  98  11:22  Overlord x3  
  98  11:23  Overlord x3  
  98  11:34  Adaptive Talons  
  98  12:05  Hydralisk  
  98  12:06  Hydralisk x13  
  126  12:42  Nydus Canal x2  
Show
View Real Time Build Order
Export as new Build Order

NardeM Protoss 

Build Orders: 1 Gate Expand, Oracle Opening, Carriers 

Get SALT Encoding   

  12  0:06  Probe  
  13  0:18  Pylon  
  13  0:23  Probe  
  14  0:35  Probe (Chrono Boost)  
  14  0:40  Gateway  
  15  0:48  Probe (Chrono Boost)  
  16  0:51  Assimilator  
  16  0:55  Probe (Chrono Boost)  
  17  1:02  Probe  
  18  1:14  Probe  
  19  1:26  Probe  
  19  1:32  Cybernetics Core  
  20  1:37  Assimilator  
  20  1:44  Nexus  
  20  1:48  Probe (Chrono Boost)  
  21  2:00  Probe (Chrono Boost)  
  22  2:05  Probe (Chrono Boost)  
  23  2:22  Pylon  
  23  2:25  Stargate  
  23  2:40  Probe (Chrono Boost)  
  24  2:48  Probe (Chrono Boost)  
  25  2:56  Assimilator  
  25  2:57  Probe (Chrono Boost)  
  27  2:59  Probe (Chrono Boost)  
  27  3:04  Assimilator  
  27  3:06  Oracle (Chrono Boost)  
  27  3:07  Probe (Chrono Boost)  
  27  3:10  Probe (Chrono Boost)  
  27  3:12  Probe (Chrono Boost)  
  32  3:19  Probe  
  34  3:23  Probe  
  35  3:32  Probe  
  36  3:35  Probe  
  37  3:44  Probe  
  37  3:47  Probe  
  39  3:50  Pylon  
  39  3:59  Probe  
  39  4:01  Pylon  
  40  4:11  Probe  
  41  4:24  Probe  
  46  4:40  Forge, Void Ray (Chrono Boost)  
  46  4:47  Fleet Beacon  
  46  4:59  Probe  
  47  5:03  Pylon  
  47  5:11  Probe  
  52  5:16  Void Ray  
  52  5:17  Photon Cannon  
  52  5:23  Photon Cannon, Probe  
  53  5:33  Photon Cannon  
  53  5:35  Probe  
  54  5:36  Photon Cannon  
  54  5:39  Probe  
  55  5:51  Probe  
  55  5:54  Pylon  
  56  6:06  Carrier  
  56  6:08  Cybernetics Core  
  62  6:12  Nexus  
  62  6:15  Assimilator  
  62  6:21  Assimilator, Probe  
  63  6:29  Pylon  
  63  6:31  Pylon  
  63  6:33  Probe  
  63  6:34  Pylon  
  64  6:44  Protoss Shields Level 1  
  64  6:45  Probe (Chrono Boost)  
  65  6:57  Probe (Chrono Boost)  
  66  7:03  Protoss Air Weapons Level 1  
  66  7:04  Probe (Chrono Boost)  
  66  7:05  Pylon, Protoss Air Armor Level 1  
  66  7:06  Stargate  
  67  7:10  Stargate  
  67  7:11  Probe  
  67  7:15  Stargate  
  68  7:21  Stargate  
  68  7:24  Probe (Chrono Boost)  
  68  7:28  Probe (Chrono Boost)  
  70  7:34  Probe (Chrono Boost)  
  70  7:37  Tempest  
  67  7:38  Stalker (Chrono Boost)  
  67  7:39  Probe (Chrono Boost)  
  73  7:50  Probe  
  71  7:55  Pylon  
  71  7:59  Pylon, Stalker  
  71  8:03  Probe  
  71  8:04  Photon Cannon  
  74  8:07  Photon Cannon  
  74  8:10  Photon Cannon  
  74  8:12  Stargate  
  74  8:15  Probe  
  74  8:17  Stargate  
  74  8:19  Stargate, Tempest  
  75  8:22  Stargate  
  81  8:27  Probe  
  81  8:29  Twilight Council, Stalker  
  83  8:39  Probe (Chrono Boost)  
  84  8:51  Probe (Chrono Boost)  
  85  8:58  Probe (Chrono Boost)  
  86  9:05  Mothership, Probe  
  86  9:08  Void Ray  
  84  9:17  Probe  
  84  9:21  Carrier  
  91  9:28  Nexus  
  91  9:30  Assimilator  
  91  9:32  Assimilator  
  91  9:38  Pylon  
  91  9:41  Pylon  
  91  9:44  Pylon  
  91  9:46  Pylon  
  91  9:50  Pylon  
  91  9:51  Void Ray  
  95  9:53  Carrier x2  
  95  9:56  Carrier  
  113  10:04  Photon Cannon  
  113  10:06  Photon Cannon  
  113  10:09  Photon Cannon  
  113  10:11  Photon Cannon  
  113  10:14  Photon Cannon  
  113  10:19  Photon Cannon  
  113  10:21  Photon Cannon  
  113  10:23  Shield Battery  
  113  10:27  Shield Battery  
  112  10:29  Photon Cannon  
  112  10:31  Tempest  
  112  10:33  Stalker  
  110  11:02  Carrier  
  110  11:03  Stalker  
  114  11:33  Stalker  
  114  11:34  Carrier x2  
  128  11:51  Carrier  
Tags
 
Add a new tag
Caveats
  • Supply blocks, unpowered buildings, or Contaminate may cause inaccurate times.
  • Supply counts are checked every 10 seconds.